 Dungeon Crawl Stone Soup version 0.28-a0-233-gb8ca4b6547 (webtiles) character file.

Game seed: 1877298362273937295

276 timneilson the Covered (level 6, -4/57 HPs)
             Began as a Gargoyle Fighter on Aug 22, 2021.
             Slain by a black bear (10 damage)
             ... on level 4 of the Dungeon.
             The game lasted 00:05:44 (4197 turns).

timneilson the Covered (Gargoyle Fighter)           Turns: 4197, Time: 00:05:45

Health: -4/57      AC: 23    Str: 21    XL:     6   Next: 25%
Magic:  6/6        EV:  2    Int:  9    God:
Gold:   117        SH:  8    Dex:  9    Spells: 5/5 levels left

rFire   . . .      SeeInvis .   a - +0 long sword
rCold   . . .      Faith    .   c - +0 kite shield
rNeg    + + +      Spirit   .   (armour currently unavailable)
rPois   ∞          Reflect  .   (helmet currently unavailable)
rElec   .          Harm     .   (cloak currently unavailable)
rCorr   .          Rampage  .   (gloves currently unavailable)
Will    +....      NoTele   +   (boots currently unavailable)
Stlth   +.........              (no amulet)
HPRegen 0.19/turn               j - ring of willpower
MPRegen 0.10/turn               (no ring)

@: tree-form
A: stationary, stasis, torment immunity, boosted hp, sickness immunity, AC +4,
negative energy resistance 1, (electricity resistance), torment resistance 1,
petrification resistance
a: no special abilities


You were on level 4 of the Dungeon.
You were a tree.
You visited 1 branch of the dungeon, and saw 4 of its levels.

You collected 117 gold pieces.

Inventory:

Hand Weapons
 a - a +0 long sword (weapon)
Armour
 c - a +0 kite shield (worn)
 e - a +0 chain mail (melded)
 l - a +0 plate armour
Jewellery
 j - a ring of willpower (left branch)
Wands
 d - a wand of iceblast (9)
Scrolls
 b - a scroll of fog {unknown}
Potions
 g - a potion of lignification


   Skills:
 + Level 4.1 Fighting
 * Level 3.4 Long Blades
 * Level 4.8 Armour
 * Level 4.7 Shields
 + Level 0.1 Evocations


You had 5 spell levels left.
You didn't know any spells.
Your spell library contained the following spells:

 Spells                   Type           Power      Damage    Failure   Level
 Foxfire                  Conj/Fire      0%         2x1d4     83%         1
 Conjure Flame            Conj/Fire      0%         6-21      99%         3
 Inner Flame              Hex/Fire       0%         N/A       99%         3


Dungeon Overview and Level Annotations

Branches:
Dungeon (4/15)
 Temple: D:4-7

Altars:

Shops:
D:4 [


Innate Abilities, Weirdness & Mutations

You are a tree.
Your roots penetrate the ground, keeping you stationary.
You cannot be teleported.
You are immune to unholy pain and torment.
Your maximum health is greatly increased.
Your equipment is partially melded.
You are immune to sickness and miasma.
((Your stone body is resilient. (AC +4)))
You are immune to poison.
You resist negative energy. (rN+)
((You are resistant to electric shocks. (rElec)))
You are resistant to unholy torment.
You are immune to petrification.


Message History

The black bear bites you!
The black bear claws you but does no damage.
The black bear barely misses you. The black bear bites you.
* * * LOW HITPOINT WARNING * * *
The black bear claws you but does no damage.
The black bear claws you.
* * * LOW HITPOINT WARNING * * *
Really quaff the potion of lignification?
You turn into a tree.
Your +0 chain mail melds into your body.
Your roots penetrate the ground.
You block the black bear's attack. x3
The black bear bites you but does no damage.
The black bear claws you but does no damage. x2
You slash the black bear!
The black bear is almost dead.
You block the black bear's attack.
The black bear claws you but does no damage.
You block the black bear's attack. The black bear bites you.
* * * LOW HITPOINT WARNING * * *
The black bear claws you but does no damage. x2
You hit the black bear but do no damage.
The black bear is almost dead.
The black bear bites you but does no damage.
The black bear claws you but does no damage.
You block the black bear's attack. The black bear bites you.
* * * LOW HITPOINT WARNING * * *
The black bear claws you but does no damage. x2
Your shield prevents you from hitting the black bear.
The black bear is almost dead.
You block the black bear's attack. The black bear barely misses you.
The black bear claws you but does no damage.
You block the black bear's attack. x2
The black bear claws you but does no damage.
Unknown command.
You closely miss the black bear.
The black bear is almost dead.
You block the black bear's attack.
The black bear claws you but does no damage.
You block the black bear's attack. The black bear bites you!
You die...

.#
+...........#
.#
#..##.##...##
##.. #..
#.##...###
.... ....
#........#
........
#........#
.......
+........##
##..
###.......#
.# ##....####
.# #....♣.#
.# #....h.#
.# #......#
.### ##....##
##.## ######
....# (...#
....# ....#


You could see a black bear (berserk).

Vanquished Creatures
  A hound (D:4)
  Ijyb (D:4)
  2 orc wizards (D:3)
  A killer bee zombie (D:4)
  A hound skeleton (D:4)
  4 adders
  An adder skeleton (D:4)
  4 worms
  2 dart slugs
  3 orcs (D:3)
  5 ball pythons
  3 bats
  8 endoplasms
  3 giant cockroaches
  9 goblins
  7 hobgoblins
  6 jackals (D:1)
  9 kobolds
  2 quokkas (D:1)
  4 frilled lizards
  A quokka skeleton (D:4)
  3 rats
80 creatures vanquished.

Notes
Turn   | Place    | Note
-------+----------+-------------------------------------------
     0 | D:1      | timneilson the Gargoyle Fighter began the quest for the
                  | Orb.
     0 | D:1      | Reached XP level 1. HP: 14/14 MP: 1/1
   251 | D:1      | Reached XP level 2. HP: 15/19 MP: 2/2
   699 | D:1      | Reached XP level 3. HP: 19/23 MP: 3/3
  1732 | D:2      | Reached XP level 4. HP: 12/29 MP: 4/4
  1937 | D:2      | Found a faded altar of an unknown god.
  2731 | D:3      | Reached XP level 5. HP: 33/33 MP: 5/5
  2992 | D:3      | HP: 1/33 [orc wizard (1)]
  3778 | D:4      | Noticed Ijyb
  3803 | D:4      | Killed Ijyb
  3804 | D:4      | Reached XP level 6. HP: 9/38 MP: 6/6
  4065 | D:4      | Found Caman's Armour Emporium.
  4166 | D:4      | Noticed a black bear
  4197 | D:4      | Slain by a black bear

Illustrated notes

Levels and vault maps discovered:
D:1:      psy_arrival_terrarium, layout_rooms
D:2:      layout_rooms, chequers_ecumenical_altar_twisty,
          kennysheep_generic_room_6
D:3:      layout_rooms
D:4:      layout_gridville, serial_shops, nicolae_shop_crystal,
          kennysheep_generic_room_8, uniq_ijyb

Skill      XL: |  1  2  3  4  5 |
---------------+----------------+-----
Long Blades    | 2 3 |  3.4
Armour         | 4 |  4.8
Shields        | 4 |  4.7
Fighting       | 4 |  4.1
Evocations     | |  0.1

Action                   |  1- 3 |  4- 6 || total
-------------------------+-------+-------++-------
Melee: Long sword        |   161 |   226 ||   387
  Use: Potion            |     1 |     6 ||     7
       Scroll            |     1 |     4 ||     5
Armor: Scale mail        |   100 |    73 ||   173
       Chain mail        |       |   118 ||   118
       Skin              |       |    65 ||    65
Dodge: Dodged            |    48 |    71 ||   119
Block: Kite shield       |    78 |   129 ||   207
       Rpst.: Long sword |    12 |    18 ||    30

Table legend: (Time is in decaauts)
 A = Elapsed time spent in this place.
 B = Non-inter-level travel time spent in this place.
 C = Inter-level travel time spent in this place.
 D = Time resting spent in this place.
 E = Time spent auto-exploring this place.
 F = Levels seen in this place.
 G = Mean time per level.
                   A        B        C        D        E       F      G
               +--------+--------+--------+--------+--------+-----+--------+
         Total |   4385 |   4343 |     42 |    505 |   2897 |   4 | 1096.2 |
       Dungeon |   4385 |   4343 |     42 |    505 |   2897 |   4 | 1096.2 |
               +--------+--------+--------+--------+--------+-----+--------+

Top non-repeatable levels by time:
     D:1: 1179 daAuts
     D:2: 1162 daAuts
     D:3: 1085 daAuts
     D:4: 957 daAuts
